 Dungeon Crawl Stone Soup version 0.20.1-1-g8b1a95d (webtiles) character file.

196 Ymberti the Skirmisher (level 5, -5/46 HPs)
             Began as a Hill Orc Fighter on Oct 2, 2017.
             Killed by nerve-wracking pain
             ... invoked by Grinder
              (12 damage)
             ... on level 4 of the Dungeon.
             The game lasted 00:06:54 (2080 turns).

Ymberti the Skirmisher (Hill Orc Fighter)           Turns: 2080, Time: 00:06:54

Health: -5/46      AC:  7    Str: 19    XL:     5   Next: 74%
Magic:  5/5        EV: 13    Int:  8    God:
Gold:   109        SH:  9    Dex: 11    Spells: 4/4 levels left

rFire    + . .     SeeInvis .   a - +0 long sword
rCold    . . .     Gourm    .   c - +0 shield
rNeg     . . .     Faith    .   l - +0 ring mail {rPois}
rPois    +         Spirit   .   (no helmet)
rElec    .         Reflect  .   (no cloak)
rCorr    .         Harm     .   (no gloves)
MR       .....                  q - +0 pair of boots
Stlth    +.........             i - amulet of magic regeneration
Regen    0.2/turn               h - ring of protection from fire
MPRegen  0.2/turn               m - +4 ring of evasion

@: no status effects
A: no striking features
a: no special abilities


You were on level 4 of the Dungeon.
You were not hungry.

You visited 1 branch of the dungeon, and saw 4 of its levels.

You collected 109 gold pieces.

Inventory:

Hand Weapons
 a - a +0 long sword (weapon)
Armour
 c - a +0 shield (worn)
 l - a +0 ring mail of poison resistance (worn)
 q - a +0 pair of boots (worn)
Jewellery
 h - a ring of protection from fire (left hand)
 i - an amulet of magic regeneration (around neck)
 m - a +4 ring of evasion (right hand)
Scrolls
 b - 2 scrolls of magic mapping {unknown}
 e - a scroll of fear {unknown}
 n - a scroll of teleportation {unknown}
 o - a scroll of remove curse {unknown}
 r - 3 scrolls of identify {unknown}
 s - a scroll of enchant weapon {unknown}
Potions
 g - a potion of resistance {unknown}
 k - 6 potions of heal wounds {unknown}
 t - 2 potions of flight {unknown}
Comestibles
 f - 3 bread rations
 j - a meat ration
 p - a fruit


   Skills:
 + Level 4.2 Fighting
 + Level 4.2 Long Blades
 + Level 3.9 Armour
 * Level 1.9 Dodging
 + Level 3.8 Shields


You had 4 spell levels left.
You didn't know any spells.

Dungeon Overview and Level Annotations

Branches:
Dungeon (4/15)
 Temple: D:4-7

Altars:
Makhleb
Uskayaw

Annotations:
D:4 Grinder


Message History

* * * LOW HITPOINT WARNING * * *
The bat hits you but does no damage. Grinder hits you.
* * * LOW HITPOINT WARNING * * *
You writhe in agony.
* * * LOW HITPOINT WARNING * * *
The bat hits you but does no damage. Grinder hits you.
* * * LOW HITPOINT WARNING * * *
You can move again.
You feel better. The bat hits you but does no damage.
Grinder says, "Just stop there for a second..."
Grinder hits you.
* * * LOW HITPOINT WARNING * * *
You writhe in agony.
* * * LOW HITPOINT WARNING * * *
You closely miss Grinder.
Grinder is severely wounded.
You block the bat's attack. Grinder gestures at you.
Pain shoots through your body!
You die...

#### ### ...#### ### ##.#####
#####.#..# ##.## #.<....#
.........#####...######.###.#
....................###.#
.........%.b@5..........#
#####...................#
#.......######...##.###.#
#.###...# ##.###.# #.# #...#
### #.# #.# #..... #.# #.#
#..... #.# #.# #...(.# #. .#
......#


You could see Grinder and a bat.

Vanquished Creatures
  Natasha (thrice) (D:2)
  6 adders
  An ooze (D:2)
  A dart slug (D:2)
  5 leopard geckos
  An orc (D:2)
  7 giant cockroaches
  5 goblins
  8 hobgoblins
  A quokka (D:3)
  7 bats
  3 frilled lizards
  8 kobolds
  3 rats
59 creatures vanquished.

Notes
Turn   | Place    | Note
-------+----------+-------------------------------------------
     0 | D:1      | Ymberti the Hill Orc Fighter began the quest for the Orb.
     0 | D:1      | Reached XP level 1. HP: 19/19 MP: 1/1
    55 | D:1      | Reached XP level 2. HP: 23/27 MP: 2/2
   293 | D:1      | Reached XP level 3. HP: 22/33 MP: 3/3
   606 | D:2      | Reached skill level 1 in Dodging
   623 | D:2      | Reached XP level 4. HP: 36/40 MP: 4/4
   693 | D:2      | Found a burning altar of Makhleb.
   712 | D:2      | Noticed Natasha
   721 | D:2      | Found a faded altar of an unknown god.
   742 | D:2      | Killed Natasha
   854 | D:2      | Noticed Natasha
   880 | D:2      | Killed Natasha
   880 | D:2      | Reached XP level 5. HP: 29/46 MP: 5/5
  1307 | D:2      | Noticed Natasha
  1338 | D:2      | HP: 2/46 [white imp/puff of frost[Natasha] (8)]
  1339 | D:2      | Killed Natasha
  1836 | D:3      | Found a hide-covered altar of Uskayaw.
  2042 | D:4      | Noticed Grinder
  2061 | D:4      | Paralysed by Grinder for 6 turns
  2072 | D:4      | Paralysed by Grinder for 7 turns
  2080 | D:4      | Killed from afar by Grinder

Skill      XL: |  1  2  3  4  5 |
---------------+----------------+-----
Fighting       | 4 |  4.2
Dodging        | 1 |  1.9
Long Blades    | 3 4 |  4.2
Armour         | |  3.9
Shields        | |  3.8

Action                   |  1- 3 |  4- 6 || total
-------------------------+-------+-------++-------
Melee: Long sword        |    83 |   144 ||   227
  Use: Potion            |       |     4 ||     4
  Eat: Meat ration       |       |     1 ||     1
Armor: Scale mail        |    30 |       ||    30
       Ring mail         |    13 |    59 ||    72
       Skin              |       |     6 ||     6
Dodge: Dodged            |    48 |    94 ||   142
Block: Shield            |    57 |    63 ||   120
       Rpst.: Long sword |    20 |    18 ||    38
